 Dungeon Crawl Stone Soup version 0.23.0-3-gf3c87f2df8 (webtiles) character file.

Game seed: 16326120343890953606

35417 PentaManta the Slicer (level 14, -4/94 HPs)
             Began as a Kobold Berserker on Feb 20, 2019.
             Was a High Priest of Trog.
             Slain by a freezing wraith (14 damage)
             ... led by a death knight
             ... on level 14 of the Dungeon on Feb 21, 2019.
             The game lasted 01:09:02 (13758 turns).

PentaManta the Slicer (Kobold Berserker)           Turns: 13758, Time: 01:09:04

Health: -4/94      AC: 10    Str: 19    XL:     14   Next: 18%
Magic:  0/7        EV: 24    Int:  8    God:    Trog [*****.]
Gold:   673        SH:  7    Dex: 15    Spells: 13/13 levels left

rFire    . . .     SeeInvis .   E - +1 rapier (antimagic)
rCold    . . .     Gourm    .   m - +0 buckler
rNeg     + . .     Faith    .   a - +1 robe {rN+}
rPois    .         Spirit   +   T - +0 helmet
rElec    .         Reflect  .   J - scarf {Spirit}
rCorr    .         Harm     .   i - +0 pair of gloves
MR       +++..                  C - +0 pair of boots
Stlth    +++++.....             k - amulet of regeneration
HPRegen  1.65/turn              h - +4 ring of protection
MPRegen  0.10/turn              r - ring of magical power

@: about to teleport, berserk cooldown, regenerating, slowed, very slow
A: small, carnivore
a: Berserk, Trog's Hand, Brothers in Arms, Renounce Religion


You were on level 14 of the Dungeon.
You worshipped Trog.
Trog was extremely pleased with you.
You were full.

You visited 2 branches of the dungeon, and saw 15 of its levels.
You also visited: Bailey.

You collected 673 gold pieces.

Inventory:

Hand Weapons
 n - a +2 short sword of draining
 B - a +2 antimagic dagger
 D - the cursed +3 spear of Optimality {drain, *Noise rElec rPois Stlth-}
   (You took it off a kobold on level 9 of the Dungeon)

   A truly terrible weapon, it drains the life of those it strikes.
   It insulates you from electricity.
   It protects you from poison.
   It may make noises in combat.
   It makes you less stealthy.
   It has a curse placed upon it.
 E - a +1 antimagic rapier (weapon)
 K - the +1 spear of Sin {freeze, rC+}
   (You found it on level 8 of the Dungeon)

   It has been specially enchanted to freeze those struck by it, causing extra
   injury to most foes and up to half again as much damage against particularly
   susceptible opponents.
   It can also slow down cold-blooded creatures.
   It protects you from cold.
 R - a +1 dagger of freezing
 X - a +3 scimitar of flaming
 Y - a +2 long sword of holy wrath
Missiles
 j - a throwing net (quivered)
Armour
 a - a +1 robe of positive energy (worn)
 i - a +0 pair of gloves (worn)
 m - a +0 buckler (worn)
 s - a +1 ring mail of magic resistance
 y - the +18 shield of the Gong {rElec rN+ MR+ EV-5}
   (You found it on level 4 of the Dungeon)

   It affects your evasion (-5).
   It insulates you from electricity.
   It protects you from negative energy.
   It affects your resistance to hostile enchantments.
 z - a +2 scale mail of fire resistance
 C - a +0 pair of boots (worn)
 J - a scarf of spirit shield (worn)
 O - a +0 troll leather armour
 P - +0 steam dragon scales
 T - a +0 helmet (worn)
 W - a cursed +0 ring mail
Magical Staves
 t - an uncursed staff of poison {unknown}
Jewellery
 h - a +4 ring of protection (left hand)
 k - an amulet of regeneration (around neck)
 r - a ring of magical power (right hand)
 U - an uncursed ring of stealth
Wands
 l - a wand of paralysis (14)
 u - a wand of flame (31)
 x - a wand of enslavement (4)
 I - a wand of digging (5)
 M - a wand of iceblast (26)
Scrolls
 b - a scroll of enchant armour
 d - 4 scrolls of teleportation
 F - 4 scrolls of enchant weapon
 G - a scroll of magic mapping
 H - 9 scrolls of identify
 N - 2 scrolls of remove curse
Potions
 e - a potion of heal wounds
 f - 8 potions of lignification
 g - 3 potions of cancellation
 o - 4 potions of agility
 p - 4 potions of haste
 q - a potion of invisibility
 v - 6 potions of curing
 w - 4 potions of brilliance
 A - a potion of mutation
 Q - a potion of ambrosia {unknown}
 S - a potion of berserk rage {unknown}
Miscellaneous
 L - a phial of floods
 V - a lightning rod (4/4)
Comestibles
 c - 30 rations


   Skills:
 - Level 13.2 Fighting
 - Level 14.4 Short Blades
 + Level 3.7 Armour
 - Level 13.0 Dodging
 - Level 10.3 Stealth
 * Level 8.1 Shields


You had 13 spell levels left.
You didn't know any spells.
Your spell library contained the following spells:

 Spells                   Type           Power        Failure   Level  Hunger
 Animate Skeleton         Necr           N/A          41%         1    ##.....
 Apportation              Tloc           #.....       41%         1    ##.....
 Confusing Touch          Hex            #.....       41%         1    ##.....
 Pain                     Necr           #...         41%         1    ##.....
 Shock                    Conj/Air       #...         41%         1    ##.....
 Sting                    Conj/Pois      #...         41%         1    ##.....
 Summon Small Mammal      Summ           #...         41%         1    ##.....
 Poisonous Vapours        Pois/Air       #.....       54%         2    ###....
 Swiftness                Chrm/Air       #.......     54%         2    ###....
 Mephitic Cloud           Conj/Pois/Air  #.......     78%         3    ####...
 Regeneration             Chrm/Necr      #.........   78%         3    ####...
 Static Discharge         Conj/Air       #.......     78%         3    ####...
 Vampiric Draining        Necr           #.........   78%         3    ####...
 Airstrike                Air            #.........   99%         4    #####..
 Animate Dead             Necr           N/A          99%         4    #####..
 Olgreb's Toxic Radiance  Pois           #.......     99%         4    #####..
 Lightning Bolt           Conj/Air       #.........   100%        5    ######.
 Venom Bolt               Conj/Pois      #.........   100%        5    ######.


Dungeon Overview and Level Annotations

Branches:
Dungeon (14/15)            Temple (1/1) D:5            Lair (0/6) D:9
    Orc (0/2) D:11
 Vaults: D:13-14

Altars:
Ashenzari
Cheibriados
Dithmenos
Elyvilon
Fedhas
Gozag
Hepliaklqana
Kikubaaqudgha
Makhleb
Nemelex Xobeh
Okawaru
Qazlal
Ru
Sif Muna
Trog
Uskayaw
Vehumet
Wu Jian
Xom
Yredelemnul
Zin
The Shining One
Beogh

Shops:
D:6 :   D:7 [

Annotations:
D:9 1 runed translucent door
D:10 D9?secret
D:12 3 runed translucent doors, guttsta's ghost, journeyman HONe


Innate Abilities, Weirdness & Mutations

You are small and have problems with some larger weapons.
You are carnivorous and can eat meat at any time.


Message History

You block the phantasmal warrior's attack.
The freezing wraith misses you. The freezing wraith hits you.
The wraith hits you.
* * * LOW HITPOINT WARNING * * *
The wraith drains your vigour!
You feel as though you will be slow longer.
You block the phantasmal warrior's attack.
The freezing wraith hits you.
* * * LOW HITPOINT WARNING * * *
The freezing wraith freezes you!
* * * LOW HITPOINT WARNING * * *
The freezing wraith misses you.
Okay, then.
As you read the scroll of teleportation, it crumbles to dust.
You feel strangely unstable. The wraith hits you but does no damage.
You block the phantasmal warrior's attack.
The freezing wraith hits you!
* * * LOW HITPOINT WARNING * * *
The freezing wraith freezes you!
You die...

#....#......#.....#.....#...#####
#....#......#.....'.....#...#....
#....#....÷.#.....#.....#...#....
#....'...(..#.....#..............
#....#......#..?.................
#..###......#........PPP...PPP...
#..#........#.......P♣PP...P.PP..
...#######..#...WW.?..♣P......P..
........ ####..†@W..PPPP....PPP..
##...... !.......)...............
#.......................⌠.......
#...............................
#..........#####................
..######.. #....♣........... #
#...P............ #....P.....


You could see a phantasmal warrior, a freezing wraith and a wraith.

Vanquished Creatures
  Louise (D:14)
  Josephine (D:11)
  2 hydras
  A catoblepas (D:13)
  4 two-headed ogres
  Erica (D:11)
  A centaur warrior (D:13)
  A death knight (D:14)
  3 death yaks (D:8)
  3 unseen horrors
  A phantasmal warrior (D:14)
  The ghost of Amplified the Slasher, a novice MiFi of Zin (D:6)
  2 orc knights (Bailey)
  An ugly thing (D:11)
  3 cyclopes
  A deep elf mage (D:13)
  A manticore (D:13)
  A black mamba (shapeshifter) (D:14)
  An efreet (D:13)
  5 trolls
  A troll (shapeshifter) (D:14)
  6 slime creatures (D:12)
  A meliai zombie (D:14)
  6 hippogriffs
  17 yaks
  A vampire (D:9)
  A wyvern (D:13)
  4 wraiths
  3 hungry ghosts
  A steam dragon (D:11)
  A water moccasin (D:7)
  Duvessa (D:7)
  A hell hound (D:14)
  A porcupine (D:9)
  11 orc warriors
  6 sky beasts
  2 eyes of draining (D:12)
  6 ice beasts
  A phantom (D:7)
  10 ogres
  11 centaurs
  3 crocodiles
  3 big kobolds
  5 bullfrogs
  A wyvern skeleton (D:12)
  6 scorpions
  A water moccasin skeleton (D:9)
  Dowan (D:7)
  A killer bee (D:9)
  11 wights
  4 crimson imps
  2 centaur zombies
  2 bullfrog zombies (D:12)
  4 jellies
  7 hounds
  10 orc priests
  14 orc wizards
  5 centaur skeletons
  Ijyb (D:4)
  Jessica (D:2)
  3 bullfrog skeletons
  5 iguanas
  A hell rat (D:9)
  8 worker ants
  2 killer bee zombies
  A worker ant zombie (D:11)
  16 adders
  12 gnolls
  A river rat (D:9)
  4 shadow imps
  An adder skeleton (D:9)
  A worm (D:3)
  A dart slug (D:1)
  6 leopard geckos
  59 orcs
  A ball python (D:2)
  10 giant cockroaches
  13 goblins
  11 hobgoblins
  3 jackals (D:9)
  8 quokkas
  7 bats
  9 frilled lizards
  A jackal skeleton (D:3)
  31 kobolds
  2 quokka zombies
  3 rats
  A bush (D:14)
  3 butterflies (D:9)
433 creatures vanquished.

Vanquished Creatures (collateral kills)
  Agnes (D:14)
  4 ugly things (D:14)
  A manticore (D:11)
  A basilisk (D:14)
  3 orc warriors (D:11)
  2 orc priests (D:11)
  4 orcs (D:11)
16 creatures vanquished.

Vanquished Creatures (others)
  23 bushes (D:14)
23 creatures vanquished.

Grand Total: 472 creatures vanquished

Notes
Turn   | Place    | Note
-------+----------+-------------------------------------------
     0 | D:1      | PentaManta the Kobold Berserker began the quest for the
                  | Orb.
     0 | D:1      | Reached XP level 1. HP: 14/14 MP: 1/1
    86 | D:1      | Reached XP level 2. HP: 19/19 MP: 2/2
   346 | D:1      | You fall through a shaft!
   366 | D:2      | Noticed Jessica
   372 | D:2      | Killed Jessica
   372 | D:2      | Reached skill level 5 in Short Blades
   372 | D:2      | Reached XP level 3. HP: 24/24 MP: 3/3
   553 | D:2      | Reached XP level 4. HP: 28/29 MP: 4/4
   572 | D:2      | Found an opulent altar of Gozag.
   587 | D:2      | Reached ** piety under Trog
   841 | D:2      | Reached skill level 6 in Short Blades
   850 | D:2      | Found a glowing golden altar of the Shining One.
  1331 | D:1      | Reached XP level 5. HP: 30/33 MP: 5/5
  2034 | D:3      | Found a stormy altar of Qazlal.
  2037 | D:3      | Found a blossoming altar of Fedhas.
  2072 | D:3      | Reached skill level 7 in Short Blades
  2085 | D:3      | Reached XP level 6. HP: 31/40 MP: 6/6
  2092 | D:3      | Found a hide-covered altar of Uskayaw.
  2231 | D:3      | Reached *** piety under Trog
  2412 | D:3      | Found a shattered altar of Ashenzari.
  2415 | D:3      | Found a snail-covered altar of Cheibriados.
  2418 | D:3      | Found an ornate altar of the Wu Jian Council.
  2625 | D:4      | Found a bloodstained altar of Trog.
  2627 | D:4      | Noticed an ogre
  2632 | D:4      | Killed an ogre
  2632 | D:4      | Reached skill level 8 in Short Blades
  2706 | D:4      | Noticed Ijyb
  2711 | D:4      | Killed Ijyb
  2711 | D:4      | Reached XP level 7. HP: 44/44 MP: 7/7
  2741 | D:4      | Reached skill level 9 in Short Blades
  2841 | D:4      | Found the +18 shield of the Gong {rElec rN+ MR+ EV-5}
  3103 | D:5      | Entered Level 5 of the Dungeon
  3162 | D:5      | Reached skill level 10 in Short Blades
  3208 | D:5      | Reached XP level 8. HP: 48/48 MP: 8/8
  3319 | D:5      | Reached skill level 11 in Short Blades
  3529 | D:5      | Reached skill level 12 in Short Blades
  3914 | D:5      | Reached skill level 13 in Short Blades
  3914 | D:5      | Reached XP level 9. HP: 51/53 MP: 9/9
  3933 | D:5      | Found a radiant altar of Vehumet.
  3946 | D:5      | Found a staircase to the Ecumenical Temple.
  4106 | Temple   | Entered the Ecumenical Temple
  4526 | D:6      | Reached **** piety under Trog
  4787 | D:6      | Found a shadowy altar of Dithmenos.
  4787 | D:6      | Found an iron altar of Okawaru.
  4787 | D:6      | Found a white marble altar of Elyvilon.
  4910 | D:6      | Found Adajimp's Book Shop.
  5043 | D:6      | Found a runed translucent gate.
  5043 | D:6      | Found a runed translucent gate.
  5043 | D:6      | Found a runed translucent gate.
  5048 | D:6      | Noticed Amplified's ghost (novice MiFi)
  5063 | D:6      | Killed Amplified's ghost
  5063 | D:6      | Reached skill level 14 in Short Blades
  5063 | D:6      | Reached skill level 5 in Dodging
  5520 | D:7      | Reached XP level 10. HP: 58/58 MP: 10/10
  5561 | D:7      | Reached skill level 5 in Fighting
  5726 | D:7      | Noticed Duvessa
  5726 | D:7      | Noticed Dowan
  5734 | D:7      | Killed Dowan
  5741 | D:7      | Killed Duvessa
  5886 | D:7      | Found Nuqaf's Antique Armour Emporium.
  6347 | D:8      | Got a smoking spear
  6773 | D:9      | Noticed a death yak
  6792 | D:8      | Identified the cursed +1 spear of Sin {freeze, rC+} (You
                  | found it on level 8 of the Dungeon)
  6877 | D:9      | Noticed a death yak
  6878 | D:9      | Noticed a death yak
  6889 | D:8      | Killed a death yak
  6947 | D:8      | Killed a death yak
  6947 | D:8      | Reached skill level 10 in Dodging
  7014 | D:8      | Killed a death yak
  7014 | D:8      | Reached XP level 11. HP: 69/69 MP: 11/11
  7074 | D:9      | Reached skill level 1 in Stealth
  7086 | D:9      | Found a staircase to the Lair.
  7238 | D:9      | Reached ***** piety under Trog
  7282 | D:9      | Found a runed translucent door.
  7285 | D:9      | Found a runed translucent door.
  7707 | D:9      | Noticed a two-headed ogre
  7720 | D:9      | Killed a two-headed ogre
  7763 | D:9      | Identified the cursed +3 spear of Optimality {drain, *Noise
                  | rElec rPois Stlth-}
  8211 | D:10     | Entered Level 10 of the Dungeon
  8217 | D:10     | Received a gift from Trog
  8217 | D:10     | Reached skill level 10 in Fighting
  8384 | D:10     | Reached skill level 5 in Stealth
  8694 | D:10     | Killed an unseen horror
  8726 | D:10     | Found a flagged portal.
  8757 | Bailey   | Entered a bailey
  8851 | Bailey   | Noticed an orc knight
  8852 | Bailey   | Noticed an orc knight
  9059 | Bailey   | Killed an orc knight
  9059 | Bailey   | Reached XP level 12. HP: 76/80 MP: 6/12
  9577 | D:10     | Received a gift from Trog
  9882 | D:11     | Noticed Josephine
  9897 | D:11     | Killed Josephine
  9965 | D:11     | Killed an unseen horror
 10067 | D:11     | Noticed a two-headed ogre
 10082 | D:11     | Killed a two-headed ogre
 10127 | D:11     | Noticed Erica
 10139 | D:11     | Killed Erica
 10214 | D:11     | Reached ****** piety under Trog
 10303 | D:11     | Reached skill level 1 in Shields
 10340 | D:11     | Found a staircase to the Orcish Mines.
 10348 | D:11     | Found a roughly hewn altar of Beogh.
 10382 | D:11     | Noticed a two-headed ogre
 10419 | D:11     | Killed a two-headed ogre
 10556 | D:11     | Noticed a five-headed hydra
 10568 | D:11     | Killed a five-headed hydra
 10568 | D:11     | Reached XP level 13. HP: 88/88 MP: 13/13
 11070 | D:12     | Received a gift from Trog
 11211 | D:12     | Found a runed translucent gate.
 11211 | D:12     | Noticed guttsta's ghost (journeyman HONe)
 11211 | D:12     | Identified the cursed +3 whip of Uncomfortable Rashes
                  | {chaos, rPois rC++ rN+}
 11212 | D:12     | Found a runed translucent gate.
 11213 | D:12     | Found a runed translucent gate.
 11214 | D:12     | Identified the +8 whip of Recklessness {venom, +Inv rPois
                  | rF+ Str-3}
 11579 | D:12     | Noticed a six-headed hydra
 11585 | D:12     | Killed a six-headed hydra
 11782 | D:12     | Reached skill level 5 in Shields
 12540 | D:13     | Noticed a catoblepas
 12542 | D:13     | Killed a catoblepas
 12549 | D:13     | Reached skill level 10 in Stealth
 12959 | D:13     | Noticed a centaur warrior
 12982 | D:13     | Killed a centaur warrior
 13541 | D:14     | Noticed Agnes
 13541 | D:14     | Noticed Louise
 13553 | D:14     | Killed Agnes
 13553 | D:14     | Reached XP level 14. HP: 94/94 MP: 5/14
 13558 | D:14     | Received a gift from Trog
 13577 | D:14     | Killed Louise
 13758 | D:14     | Slain by a freezing wraith

Skill      XL: |  1  2  3  4  5  6  7  8  9 10 11 12 13 14 |
---------------+-------------------------------------------+-----
Short Blades   | 5 6 7 8 10 13 14 | 14.4
Fighting       | 4 8 11 13 | 13.2
Dodging        | 6 10 11 12 13 | 13.0
Stealth        | 6 8 10 | 10.3
Shields        | 2 7 8 |  8.1
Armour         | 3 |  3.7

Action                   |  1- 3 |  4- 6 |  7- 9 | 10-12 | 13-15 || total
-------------------------+-------+-------+-------+-------+-------++-------
Melee: Short sword       |    46 |   166 |   262 |   923 |    50 ||  1447
       Rapier            |       |       |       |       |   561 ||   561
       Dagger            |       |       |       |       |     1 ||     1
Throw: Throwing net      |       |       |     1 |       |       ||     1
Invok: Berserk           |     3 |     5 |     9 |    25 |     9 ||    51
       Trog's Hand       |       |       |       |     1 |     3 ||     4
       Brothers in Arms  |       |       |       |     1 |     1 ||     2
  Use: Scroll            |     3 |       |     8 |    13 |     3 ||    27
       Potion            |       |       |       |     3 |     1 ||     4
 Stab: Distracted        |     1 |       |       |     2 |     2 ||     5
       Sleeping          |       |     3 |     2 |     8 |    11 ||    24
  Eat: Chunk             |     7 |    13 |    18 |    35 |    24 ||    97
Armor: Animal skin       |     3 |    15 |     8 |       |       ||    26
       Robe              |       |       |    29 |   102 |    65 ||   196
       Scale mail        |       |       |       |       |     2 ||     2
Dodge: Dodged            |    28 |    86 |   122 |   743 |   364 ||  1343
Block: Buckler           |       |       |       |       |    89 ||    89
